 Dungeon Crawl Stone Soup version 0.31-a0-75-g6fe912e8c5 (webtiles) character file.

Game seed: 16054737308910159710

3866 loir the Ruffian (level 9, -16/91 HPs)
             Began as a Troll Gladiator on May 23, 2023.
             Was a Follower of Trog.
             Succumbed to Amaemon's curare
             ... on level 8 of the Dungeon on May 24, 2023.
             The game lasted 00:49:29 (5668 turns).

loir the Ruffian (Troll Gladiator)                  Turns: 5668, Time: 00:49:30

Health: -16/91     AC:  9    Str: 34    XL:     9   Next: 99%
Magic:  2/8        EV: 11    Int:  2    God:    Trog [*.....]
Gold:   239        SH:  9    Dex: 11    Spells: 8/8 levels left

rFire   . .          .
                       - Unarmed
rCold   + . .        p - +1 kite shield {rC+}
rNeg    + . .        z - +0 robe of Biffyt {rN+ Str+6 Int-2}
rPois   .            b - +0 hat
rElec   .            u - +0 cloak
rCorr   +            (gloves unavailable)
SInv    .            (boots unavailable)
Will    .....        g - amulet of guardian spirit
Stlth   +            k - +4 ring of protection
HPRegen 1.15/turn    B - ring of resist corrosion
MPRegen 0.11/turn

%: guardian spirit
@: lethally poisoned (-16 -> -93), slowed, very slow
A: large, unfitting armour, claws 3, regeneration 1, shaggy fur 1, tough skin 1
a: Renounce Religion, Berserk


You were on level 8 of the Dungeon.
You worshipped Trog.
Trog was aware of your devotion.
You visited 2 branches of the dungeon, and saw 9 of its levels.

You collected 485 gold pieces.
You spent 246 gold pieces at shops.

Inventory:

Missiles
 c - 4 boomerangs (quivered)
 d - a large rock
 e - 6 poisoned darts
 f - 63 stones
Armour
 b - a +0 hat (worn)
 p - a +1 kite shield of cold resistance (worn)
 q - a +1 robe of cold resistance
 u - a +0 cloak (worn)
 z - the +0 robe of Biffyt (worn) {rN+ Str+6 Int-2}
   (You found it on level 7 of the Dungeon)

   Str:       It affects your strength (+6).
   Int:       It affects your intelligence (-2).
   rN:        It protects you from negative energy.
 C - a +2 ring mail of cold resistance
 D - +1 swamp dragon scales
Jewellery
 g - an amulet of guardian spirit (around neck)
 k - a +4 ring of protection (left claw)
 w - a ring of see invisible
 B - a ring of resist corrosion (right claw)
Wands
 n - a wand of digging (5)
 y - a wand of flame (15)
Scrolls
 h - 3 scrolls of brand weapon
 s - 3 scrolls of teleportation
 x - a scroll of identify
 A - a scroll of poison {unknown}
Potions
 i - 5 potions of might
 l - 4 potions of curing
 m - 2 potions of heal wounds
 o - a potion of brilliance
 r - a potion of cancellation
 t - a potion of mutation {unknown}
 v - a potion of resistance {unknown}


   Skills:
 * Level 6.3 Fighting
 + Level 5.1 Throwing
 * Level 6.6 Dodging
 + Level 3.6 Shields
 * Level 7.9 Unarmed Combat


You had 8 spell levels left.
You didn't know any spells.
Your spell library contained the following spells:

 Spells                   Type           Power      Damage    Failure   Level
 Lesser Beckoning         Tloc           0%         N/A       86%         2
 Gell's Gravitas          Tloc           0%         N/A       98%         3
 Teleport Other           Tloc           0%         N/A       98%         3


Dungeon Overview and Level Annotations

Branches:
Dungeon (8/15)             Temple (1/1) D:5
   Lair: D:8-11

Altars:
Ashenzari
Cheibriados
Dithmenos
Fedhas
Makhleb
Okawaru
Qazlal
Ru
Sif Muna
Trog
Uskayaw
Vehumet
Wu Jian
Xom
Yredelemnul
Zin
The Shining One

Shops:
D:2 !!   D:5 [

Annotations:
D:8 Amaemon


Innate Abilities, Weirdness & Mutations

You are too large for most types of armour.
You have claws for hands.
Your natural rate of healing is unusually fast.
You are covered in fur. (AC +1)
You have tough skin. (AC +1)


Message History

The scorpion is almost dead.
You feel very sick. The scorpion stings you. The scorpion barely misses you.
You block the scorpion's attack.
You claw the scorpion!
You kill the scorpion!
The scorpion's corpse disappears in a puff of smoke!
You feel very sick. The ice beast closely misses you.
Amaemon hits you with the +8 whip "Snakebite" {venom, curare, rPois}!
You are more poisoned. x2
You have difficulty breathing.
You feel yourself slow down. Amaemon claws you. You block Amaemon's attack.
The orange demon stings you but does no damage.
The scorpion barely misses you.
The scorpion stings you but does no damage.
The howler monkey hoots and howls with incredible vigour!
You feel extremely sick.
The scorpion stings you but does no damage. x2
Amaemon misses you. Amaemon claws you. You block Amaemon's attack.
The orange demon stings you from afar.
You are lethally poisoned!
You have difficulty breathing.
* * * LOW HITPOINT WARNING * * *
You feel as though you will be slow longer.
The scorpion stings you.
* * * LOW HITPOINT WARNING * * *
You are more poisoned.
The scorpion poisons you! You block the scorpion's attack.
The howler monkey hoots and howls with incredible vigour!
The ice beast attacks as you move away! You block the ice beast's attack.
Amaemon attacks as you move away!
Amaemon hits you with the +8 whip "Snakebite" {venom, curare, rPois}.
* * * LOW HITPOINT WARNING * * *
You are more poisoned. x2
You have difficulty breathing.
* * * LOW HITPOINT WARNING * * *
You feel as though you will be slow longer.
Amaemon closely misses you. Amaemon barely misses you.
You die...

... ... >..
######
....#######....#
....#..........#
#....#....####
##....####
#######.@#...#
?.....Y.s..#.#
.####.s6####.####
#...4# #....##
.....#..h
####..##
##.....#.# ##..##
...###. .. ##..#
.## #. ...
##.#### #. ##.
#..[.#


You could see Amaemon, an orange demon (curare), an ice beast and 2 scorpions.

Vanquished Creatures
  Pikel (D:7)
  Maggie (D:8)
  A hornet (D:8)
  Sigmund (D:2)
  Edmund (D:4)
  3 water moccasins (D:7)
  2 black bears (D:5)
  An orc warrior (D:7)
  2 ice beasts
  3 centaurs
  An ogre (D:7)
  A phantom (D:5)
  A bullfrog (D:6)
  4 scorpions
  8 wights (D:8)
  A howler monkey (D:5)
  4 orc priests
  3 hounds
  4 jellies
  A gnoll bouda (D:5)
  3 iguanas
  A sleepcap (D:5)
  An orc wizard (D:7)
  4 adders
  7 gnolls
  3 worms
  A dart slug (D:4)
  12 orcs
  3 bats
  5 endoplasms
  3 giant cockroaches
  8 goblins
  9 hobgoblins
  5 jackals
  2 quokkas (D:1)
  7 ball pythons
  A frilled lizard (D:1)
  2 kobolds
  7 rats
128 creatures vanquished.

Notes
Turn   | Place    | Note
-------+----------+-------------------------------------------
     0 | D:1      | loir the Troll Gladiator began the quest for the Orb.
     0 | D:1      | Reached XP level 1. HP: 19/19 MP: 0/0
   280 | D:1      | Reached XP level 2. HP: 28/28 MP: 1/1
   971 | D:2      | Found Minoadigg's Distillery.
  1094 | D:2      | Reached XP level 3. HP: 32/35 MP: 2/2
  1116 | D:2      | Noticed Sigmund
  1129 | D:2      | Killed Sigmund
  1130 | D:2      | Reached skill level 4 in Unarmed Combat
  1130 | D:2      | Reached XP level 4. HP: 33/44 MP: 3/3
  1130 | D:2      | Reached XP level 5. HP: 39/52 MP: 4/4
  1517 | D:2      | Found Noreel's Distillery.
  1770 | D:3      | Found a stormy altar of Qazlal.
  2550 | D:4      | Found a radiant altar of Vehumet.
  2620 | D:4      | Noticed Edmund
  2630 | D:4      | Found a snail-covered altar of Cheibriados.
  2641 | D:4      | Killed Edmund
  2642 | D:4      | Reached XP level 6. HP: 43/61 MP: 5/5
  3089 | D:4      | Reached XP level 7. HP: 67/67 MP: 6/6
  3235 | D:5      | Entered Level 5 of the Dungeon
  3260 | D:5      | Reached skill level 5 in Unarmed Combat
  3385 | D:5      | Reached skill level 1 in Shields
  3398 | D:5      | Found a sacrificial altar of Ru.
  3427 | D:5      | Reached XP level 8. HP: 75/78 MP: 7/7
  3441 | D:5      | Found a staircase to the Ecumenical Temple.
  3458 | Temple   | Entered the Ecumenical Temple
  3490 | Temple   | Became a worshipper of Trog the Wrathful
  3528 | D:5      | Reached skill level 5 in Dodging
  3528 | D:5      | Reached skill level 6 in Unarmed Combat
  3713 | D:5      | Found Oxzul's Antique Armour Shoppe.
  3716 | D:5      | Bought a glowing kite shield for 165 gold pieces
  3716 | D:5      | Bought a runed robe for 81 gold pieces
  4213 | D:6      | Found a shadowy altar of Dithmenos.
  4488 | D:6      | Reached skill level 5 in Fighting
  4630 | D:7      | Noticed Pikel
  4644 | D:7      | Killed Pikel
  4645 | D:7      | Reached XP level 9. HP: 73/88 MP: 6/8
  4814 | D:7      | Identified the +0 robe of Biffyt {rN+ Str+6 Int-2}
  4931 | D:7      | Reached * piety under Trog
  4936 | D:7      | Reached skill level 7 in Unarmed Combat
  5082 | D:7      | Found a glowing golden altar of the Shining One.
  5082 | D:7      | Found a broken altar of Ashenzari.
  5454 | D:8      | Reached skill level 5 in Throwing
  5564 | D:8      | Noticed Maggie
  5575 | D:8      | Killed Maggie
  5659 | D:8      | Noticed Amaemon
  5659 | D:8      | Noticed an orange demon
  5668 | D:8      | Succumbed to Amaemon's curare

Illustrated notes

Levels and vault maps discovered:
D:1:      eino_arrival_cavern_b, layout_basic
D:2:      layout_basic, serial_shops,
          nicolae_shop_temple_entry_statues_fountains, shop, uniq_sigmund
D:3:      layout_loops_ring, grunt_qazlal_clouds, serial_glass, glass_columns_a,
          glass_columns_b, glass_columns_c, glass_columns_a, feat_on_display,
          feat_on_display
D:4:      layout_loops_ring, slow_altar_1, fiery_altar_vehumet, uniq_edmund
D:5:      layout_cave_pools, nicolae_ru_sacrificial_ziggurat,
          minmay_temple_entry_mini_moons, serial_shops,
          nicolae_shop_behind_doors, minivault_4
D:6:      nicolae_cairo_tiling, layout_basic, kennysheep_little_box,
          grunt_ministairs_14
D:7:      layout_loops_ring, minitemple, nicolae_benzene_ring, uniq_pikel
D:8:      layout_rooms, lemuel_mausoleum_altar_kikubaaqudgha, serial_shops,
          shop, minmay_misc_feat_pillars, nicolae_underground_beach,
          uniq_maggie, uniq_amaemon
Temple:   nicolae_temple_ecumenical_triangle

Skill      XL: |  1  2  3  4  5  6  7  8  9 |
---------------+----------------------------+-----
Throwing       | 2 3 4 5 |  5.1
Fighting       | 2 3 4 5 6 |  6.3
Dodging        | 3 4 5 6 |  6.6
Unarmed Combat | 4 5 6 7 |  7.9
Shields        | 1 2 3 |  3.6

Action                     |  1- 3 |  4- 6 |  7- 9 || total
---------------------------+-------+-------+-------++-------
  Melee: Unarmed           |    57 |   105 |   217 ||   379
         Punch             |       |     3 |       ||     3
  Throw: Throwing net      |     2 |     2 |     1 ||     5
         Boomerang         |       |       |    27 ||    27
    Use: Scroll            |     2 |    15 |     1 ||    18
   Stab: Sleeping          |     1 |     2 |     1 ||     4
         Distracted        |       |     1 |       ||     1
 Armour: Robe              |     5 |    24 |    74 ||   103
  Dodge: Dodged            |    23 |    40 |    94 ||   157
  Block: Kite shield       |       |       |    92 ||    92

Table legend: (Time is in decaauts)
 A = Elapsed time spent in this place.
 B = Non-inter-level travel time spent in this place.
 C = Inter-level travel time spent in this place.
 D = Time resting spent in this place.
 E = Time spent auto-exploring this place.
 F = Levels seen in this place.
 G = Mean time per level.
                   A        B        C        D        E       F      G
               +--------+--------+--------+--------+--------+-----+--------+
         Total |   5658 |   5184 |    474 |      0 |   4205 |   9 |  628.7 |
       Dungeon |   5608 |   5160 |    448 |      0 |   4185 |   8 |  701.0 |
        Temple |     50 |     24 |     26 |      0 |     20 |   1 |   50.0 |
               +--------+--------+--------+--------+--------+-----+--------+

Top non-repeatable levels by time:
     D:1: 888 daAuts
     D:2: 827 daAuts
     D:7: 822 daAuts
     D:4: 776 daAuts
     D:3: 730 daAuts
     D:6: 703 daAuts
     D:5: 606 daAuts
     D:8: 254 daAuts
  Temple: 50 daAuts
